 Dungeon Crawl Stone Soup version 0.26.1-2-gb8aa6d0cf2 (webtiles) character file.

Game seed: 13664503433250037577

104 rnawigator the Conjurer (level 4, -8/33 HPs)
             Began as a Draconian Conjurer on Mar 25, 2021.
             Splashed by Ijyb's acid (10 damage)
             ... on level 3 of the Dungeon.
             The game lasted 00:09:15 (2523 turns).

rnawigator the Conjurer (Draconian Conjurer)        Turns: 2523, Time: 00:09:18

Health: -8/33      AC:  2    Str:  9    XL:     4   Next: 52%
Magic:  3/8        EV: 12    Int: 19    God:
Gold:   112        SH:  0    Dex: 10    Spells: 2/8 levels left

rFire    . . .     SeeInvis .   d - +1 club
rCold    + . .     Faith    .   (no shield)
rNeg     . . .     Spirit   .   (armour unavailable)
rPois    .         Reflect  .   (helmet restricted)
rElec    .         Harm     .   (no cloak)
rCorr    .         Rampage  .   h - +0 pair of gloves
Will     .....                  (no boots)
Stlth    ++........             (no amulet)
HPRegen  0.11/turn              b - ring of wizardry
MPRegen  0.11/turn              c - ring of protection from cold

@: corroded
A: unfitting armour, cold-blooded, AC +5
a: no special abilities


You were on level 3 of the Dungeon.
You visited 1 branch of the dungeon, and saw 3 of its levels.

You collected 112 gold pieces.

Inventory:

Hand Weapons
 d - a +1 club (weapon)
Missiles
 a - 5 boomerangs (quivered)
 l - 8 poisoned darts
Armour
 h - a +0 pair of gloves (worn)
Jewellery
 b - a ring of wizardry (left hand)
 c - a ring of protection from cold (right hand)
Scrolls
 i - 2 scrolls of remove curse
Potions
 e - a potion of lignification
 f - a potion of resistance
 g - a potion of invisibility {unknown}
 j - a potion of mutation {unknown}
 k - a potion of curing {unknown}


   Skills:
 + Level 2.7 Dodging
 + Level 2.7 Stealth
 + Level 2.7 Spellcasting
 + Level 4.5 Conjurations


You had 2 spell levels left.
You knew the following spells:

 Your Spells              Type           Power        Failure   Level
a - Magic Dart            Conj           80%          1%          1
b - Searing Ray           Conj           40%          1%          2
c - Dazzling Flash        Conj/Hex       22%          8%          3

Your spell library contained the following spells:

 Spells                   Type           Power        Failure   Level
 Fulminant Prism          Conj/Hex       5%           24%         4
 Iskenderun's Mystic Bla  Conj/Tloc      11%          24%         4


Dungeon Overview and Level Annotations

Branches:
Dungeon (3/15)

Altars:
Sif Muna
Uskayaw

Annotations:
D:3 Ijyb


Innate Abilities, Weirdness & Mutations

Your plain brown scales are hard. (AC +5)
You cannot fit into any form of body armour.
You are cold-blooded and may be slowed by cold attacks.


Message History

Press: ? - help, Shift-Dir - straight line, f - Ijyb
Aim: Ijyb, wearing a +0 leather armour and carrying a wand of acid (6) (28% to evade)
The searing ray hits Ijyb.
Ijyb is lightly wounded. (Press . to maintain the ray.) Ijyb zaps a wand.
The bolt of acid hits you!
You are splashed with acid!
* * * LOW HITPOINT WARNING * * *
The searing ray misses Ijyb.
Ijyb screams, "I no like you!" Ijyb hits you but does no damage.
The searing ray hits Ijyb.
Ijyb is moderately wounded.
Ijyb closely misses you.
The searing ray hits Ijyb!
Ijyb is heavily wounded.
You finish channeling your searing ray.
Ijyb zaps a wand.
The bolt of acid hits you!
* * * LOW HITPOINT WARNING * * *
The acid corrodes you!
You are splashed with acid!
You die...

...........##.......
......................#
........###...........#
...###.## #...........#
##......# #...........#
####.#..##..........#
#>##........#...
#.#####...###g###
#..####.#...@...#
##......##......#
#########...[..#
#......# #......#
#......# #......#
#......# ########


You could see Ijyb.

Vanquished Creatures
  3 adders
  An ooze (D:2)
  2 worms (D:2)
  2 dart slugs
  A leopard gecko (D:1)
  7 bats
  4 giant cockroaches
  5 goblins (D:1)
  13 hobgoblins
  7 kobolds
  A quokka (D:2)
  A ball python (D:1)
  2 frilled lizards
  13 rats
62 creatures vanquished.

Notes
Turn   | Place    | Note
-------+----------+-------------------------------------------
     0 | D:1      | rnawigator the Draconian Conjurer began the quest for the
                  | Orb.
     0 | D:1      | Reached XP level 1. HP: 14/14 MP: 3/3
   245 | D:2      | Reached XP level 2. HP: 14/20 MP: 0/5
   248 | D:2      | Learned a level 2 spell: Searing Ray
   654 | D:1      | Reached XP level 3. HP: 21/26 MP: 0/6
  1336 | D:2      | Reached XP level 4. HP: 33/33 MP: 3/7
  1402 | D:2      | Learned a level 3 spell: Dazzling Flash
  1576 | D:2      | Found a hide-covered altar of Uskayaw.
  2223 | D:2      | Found a shimmering blue altar of Sif Muna.
  2519 | D:3      | Noticed Ijyb
  2523 | D:3      | Splashed by Ijyb's acid

Illustrated notes

Levels and vault maps discovered:
D:1:      beargit_arrival_greenhouse, layout_rooms, minmay_tiny_reverse_x
D:2:      layout_basic, lemuel_blue_sif_altar, lemuel_round_altar
D:3:      layout_rooms, minmay_puff, uniq_ijyb, uniq_natasha, uniq_sigmund

Skill      XL: |  1 |
---------------+----+-----
Stealth        | 2 |  2.7
Dodging        | 2 |  2.7
Spellcasting   | |  2.7
Conjurations   | |  4.5

Action                   |  1- 3 |  4- 6 || total
-------------------------+-------+-------++-------
Melee: Unarmed           |     4 |       ||     4
       Club              |    20 |     7 ||    27
       Tailslap          |     4 |       ||     4
Throw: Boomerang         |    84 |    40 ||   124
 Cast: Magic Dart        |    41 |     3 ||    44
       Searing Ray       |     4 |     5 ||     9
  Use: Scroll            |     2 |     4 ||     6
Armor: Skin              |    52 |    10 ||    62
Dodge: Dodged            |    85 |    12 ||    97
